cohdb
Replays
Latest Replays
All Replays
Popular Replays
Top Player Replays
Match Explorer
How It Works
Community
CoH3 Stats
Reddit
Sign in to upload your games and track your stats! →
Sign in with Steam
Match 27635910
Unlisted
Match 27635910
Overview
Messages
Build Orders
End
Construct Infanterie Kompanie
Selects Mechanized Battlegroup
Grenadier Squad
Grenadier Squad
Grenadier Squad
Medical Bunker
Infanterie Officer Quarters
Forward Retreat Point
Construct Panzergrenadier Kompanie
Pak 40 Anti-tank Gun Team
Selects Mobile Repair Stations
251 Medium Carrier
Construct Luftwaffe Kompanie
Flak 30 Anti-aircraft Gun Team
Support Elements
Wirbelwind Flakpanzer
Selects Raid Package
Marder III M Tank Destroyer
Selects Stoßtruppen Assault Package
Survival Commander
Electrobolt
CricketSays
Tim121305259
Chunjang
MMMMMMMMMMMM
Bundeswehr_IQ
SpaceMandoo
0
0
Comments
sign in to comment!
No comments posted yet!